 Dungeon Crawl Stone Soup version 0.30-a0-29-g142975f185 (webtiles) character file.

Game seed: 16043944270287117428

98 ragingrage the Chopper (level 4, -4/35 HPs)
             Began as a Demonspawn Chaos Knight on Aug 26, 2022.
             Was a Plaything of Xom.
             Slain by a worm (6 damage)
             ... on level 5 of the Dungeon.
             The game lasted 00:02:20 (2269 turns).

ragingrage the Chopper (Demonspawn Chaos Knight)    Turns: 2269, Time: 00:02:21

Health: -4/35      AC:  7    Str: 15    XL:     4   Next: 43%
Magic:  4/4        EV: 11    Int: 13    God:    Xom [..*...]
Gold:   238        SH:  0    Dex: 12    Spells: 3/3 levels left

rFire   . . .      SeeInvis .    a - +0 hand axe (chaos)
rCold   . . .      Faith    .    (no shield)
rNeg    . . .      Spirit   .    b - +2 leather armour
rPois   .          Reflect  .    n - +1 helmet
rElec   .          Harm     .    (no cloak)
rCorr   .          Rampage  .    (no gloves)
Will    .....                    (no boots)
Stlth   +.........               (no amulet)
HPRegen 0.11/turn                (no ring)
MPRegen 0.09/turn                (no ring)

@: no status effects
A: foul stench 2, sturdy frame 1
a: Renounce Religion


You were on level 5 of the Dungeon.
You worshipped Xom.
You were a toy of Xom.
You visited 1 branch of the dungeon, and saw 5 of its levels.

You collected 238 gold pieces.

Inventory:

Hand Weapons
 a - a +0 hand axe of chaos (weapon)
Armour
 b - a +2 leather armour (worn)
 n - a +1 helmet (worn)
Jewellery
 s - a ring of fire
Scrolls
 e - 2 scrolls of magic mapping {unknown}
 f - a scroll of summoning {unknown}
 g - 3 scrolls of teleportation {unknown}
 j - a scroll of silence {unknown}
 k - 3 scrolls of identify {unknown}
 o - 2 scrolls of amnesia {unknown}
 q - a scroll of fear {unknown}
 t - 2 scrolls of poison {unknown}
 u - 3 scrolls of enchant weapon {unknown}
Potions
 d - a potion of curing {unknown}
 h - 2 potions of lignification {unknown}
 i - 3 potions of magic {unknown}
 l - a potion of brilliance {unknown}
 m - a potion of flight {unknown}
 p - a potion of resistance {unknown}
 r - a potion of cancellation {unknown}
 v - a potion of heal wounds {unknown}
 w - a potion of mutation {unknown}
Miscellaneous
 c - a piece from Xom's chessboard (15/15) (quivered)


   Skills:
 - Level 3.0 Fighting
 + Level 4.8 Axes
 - Level 1.7 Armour
 - Level 0.8 Dodging


You had 3 spell levels left.
You didn't know any spells.
Your spell library contained the following spells:

 Spells                   Type           Power      Damage    Failure   Level
 Sandblast                Erth           0%         2d4       32%         1
 Passwall                 Tmut/Erth      0%         N/A       43%         2
 Gell's Gravitas          Tloc           0%         N/A       67%         3
 Portal Projectile        Hex/Tloc       0%         N/A       67%         3
 Stone Arrow              Conj/Erth      0%         3d7       67%         3
 Teleport Other           Tloc           0%         N/A       67%         3
 Tukima's Dance           Hex            0%         N/A       67%         3
 Blade Hands              Tmut           0%         N/A       100%        5
 Dispersal                Tloc           0%         N/A       100%        6
 Chain Lightning          Conj/Air       0%         N/A       100%        9
 Fire Storm               Conj/Fire      0%         5d1       100%        9
 Shatter                  Erth           0%         3d5*      100%        9


Dungeon Overview and Level Annotations

Branches:
Dungeon (5/15)
 Temple: D:4-7

Altars:
Wu Jian
Xom

Annotations:
D:3 1 runed translucent door, Crazy Yiuf


Innate Abilities, Weirdness & Mutations

You sometimes emit foul miasma when damaged in melee.
Your movements are slightly less encumbered by armour. (ER -2)


Message History

There are monsters nearby!
There are monsters nearby!
The kobold brigand attacks as you move away!
The kobold brigand barely misses you.
The kobold brigand throws a curare-tipped dart.
The curare-tipped dart hits you.
You are poisoned.
You have difficulty breathing.
You feel yourself slow down.
You feel very sick. "See what I see, my child!"
You detect creatures!
You feel sick.
You feel sick.
A hound comes into view.
You feel sick.
There is a stone staircase leading down here.
You feel sick.
You are no longer poisoned.
The orc hits you with a +0 war axe.
You emit a cloud of foul miasma!
The hound bites you but does no damage.
The orc is engulfed in dark miasma.
The orc is poisoned.
The orc hits you with a +0 war axe.
You climb downwards.
You hear the hiss of flowing sand.
There is an entrance to an ossuary on this level.
Hurry and find it before the portal is buried!
Found a scroll labelled YHOABA VEFEFOPH.
There is a stone staircase leading up here.
Unknown command.
Unknown command.
You slash the orc!
You kill the orc!
You completely miss the worm. The worm bites you.
* * * LOW HITPOINT WARNING * * *
You barely miss the worm. You punch the worm, but do no damage.
The worm bites you!
* * * LOW HITPOINT WARNING * * *
You hit the worm.
The worm is lightly wounded.
You feel yourself speed up. The worm bites you.
You die...

#..###......#
............#
#........... .
#..........##..
#..............
#..............
#..............
#......@...#
#......w...#
#.#####.####
... ... .###. #
#


You could see a worm.

Vanquished Creatures
  A hound (D:2)
  An adder (D:4)
  A white imp (D:3)
  3 dart slugs
  2 orcs
  4 bats
  2 endoplasms
  4 giant cockroaches
  2 goblins (D:2)
  6 hobgoblins
  4 kobolds
  2 quokkas
  6 ball pythons
  2 frilled lizards
  8 rats
48 creatures vanquished.

Notes
Turn   | Place    | Note
-------+----------+-------------------------------------------
     0 | D:1      | ragingrage the Demonspawn Chaos Knight began the quest for
                  | the Orb.
     0 | D:1      | Reached XP level 1. HP: 18/18 MP: 1/1
    26 | D:1      | XOM: silly message
   166 | D:1      | Reached skill level 3 in Axes
   270 | D:1      | Found a faded altar of an unknown god.
   355 | D:1      | Gained mutation: Your movements are slightly less
                  | encumbered by armour. (ER -2) [demonic ancestry]
   355 | D:1      | Reached XP level 2. HP: 24/24 MP: 2/2
   471 | D:1      | You fall into a shaft and drop 1 floor!
   978 | D:2      | Found an ornate altar of the Wu Jian Council.
  1070 | D:2      | XOM: divination: detect items
  1148 | D:2      | XOM: silly message
  1220 | D:2      | Gained mutation: You may rarely emit foul miasma when
                  | damaged in melee. [demonic ancestry]
  1220 | D:2      | Reached XP level 3. HP: 28/29 MP: 3/3
  1380 | D:2      | Reached skill level 4 in Axes
  1528 | D:3      | Gained mutation: You sometimes emit foul miasma when
                  | damaged in melee. [demonic ancestry]
  1528 | D:3      | Reached XP level 4. HP: 30/35 MP: 4/4
  1670 | D:3      | Found a shimmering altar of Xom.
  1691 | D:3      | Found a runed translucent door.
  1692 | D:3      | Noticed Crazy Yiuf
  1923 | D:3      | XOM: silly message
  2253 | D:4      | Noticed a kobold brigand
  2258 | D:4      | XOM: divination: detect creatures
  2263 | D:5      | Entered Level 5 of the Dungeon
  2268 | D:5      | HP: 1/35 [worm (9)]
  2269 | D:5      | Slain by a worm

Illustrated notes

Levels and vault maps discovered:
D:1:      ebering_trefoil_3fold, layout_loops_cross,
          shapermc_ecumenical_altar_flowoftime, hangedman_abyss_or_decor_stabs
D:2:      wander_river, layout_loops_cross, basic_altar, serial_park_tiny_pond,
          minmay_ruptured
D:3:      layout_rooms, mainiacjoe_overflow_small_starburst,
          uniq_crazy_yiuf_cottage
D:4:      layout_basic, minmay_temple_entry_slanted
D:5:      layout_basic, kennysheep_orc_sif_temple, kennysheep_little_box,
          enter_ossuary_3, minmay_ruined_shrine, uniq_grinder

Skill      XL: |  1  2  3 |
---------------+----------+-----
Axes           | 3 4 |  4.8
Fighting       | |  3.0
Armour         | |  1.7
Dodging        | |  0.8

Action                   |  1- 3 |  4- 6 || total
-------------------------+-------+-------++-------
Melee: Hand axe          |    81 |    43 ||   124
       Punch             |     1 |     1 ||     2
 Stab: Paralysed         |       |     2 ||     2
Armor: Leather armour    |    44 |    21 ||    65
Dodge: Dodged            |    43 |    14 ||    57

Table legend: (Time is in decaauts)
 A = Elapsed time spent in this place.
 B = Non-inter-level travel time spent in this place.
 C = Inter-level travel time spent in this place.
 D = Time resting spent in this place.
 E = Time spent auto-exploring this place.
 F = Levels seen in this place.
 G = Mean time per level.
                   A        B        C        D        E       F      G
               +--------+--------+--------+--------+--------+-----+--------+
         Total |   2302 |   2206 |     96 |      0 |   1831 |   5 |  460.4 |
       Dungeon |   2302 |   2206 |     96 |      0 |   1831 |   5 |  460.4 |
               +--------+--------+--------+--------+--------+-----+--------+

Top non-repeatable levels by time:
     D:2: 843 daAuts
     D:1: 676 daAuts
     D:3: 582 daAuts
     D:4: 191 daAuts
     D:5: 8 daAuts
